 Dungeon Crawl Stone Soup version 0.21-a0-426-g98080a9 (webtiles) character file.

175 KristoblXynda the Slasher (level 5, -1/45 HPs)
             Began as a Draconian Monk on Nov 7, 2017.
             Slain by PhazeDK's ghost (22 damage)
             ... on level 3 of the Dungeon.
             The game lasted 00:04:11 (2284 turns).

KristoblXynda the Slasher (Draconian Monk)          Turns: 2284, Time: 00:04:12

Health: -1/45      AC:  8    Str: 12 (13) XL:     5   Next: 29%
Magic:  5/5        EV: 14    Int:  9 (11) God:
Gold:   123        SH:  0    Dex: 14      Spells: 4/4 levels left

rFire    . . .     SeeInvis .   k - +0 long sword
rCold    . . .     Gourm    .   (no shield)
rNeg     . . .     Faith    .   (armour unavailable)
rPois    .         Spirit   .   (helmet restricted)
rElec    .         Reflect  .   h - +2 cloak
rCorr    .         Harm     .   (no gloves)
MR       .....                  (no boots)
Stlth    ++........             (no amulet)
HPRegen  0.15/turn              (no ring)
MPRegen  0.09/turn              (no ring)

@: no status effects
A: unfitting armour, cold-blooded, AC +5
a: no special abilities


You were on level 3 of the Dungeon.
You were not hungry.

You visited 1 branch of the dungeon, and saw 3 of its levels.

You collected 123 gold pieces.

Inventory:

Hand Weapons
 k - a +0 long sword (weapon)
Armour
 h - a +2 cloak (worn)
Scrolls
 c - 2 scrolls of enchant armour
 f - a scroll of teleportation
Potions
 a - 3 potions of curing
 d - a potion of ambrosia
 e - 2 potions of flight
 l - a potion of might
Comestibles
 b - 3 bread rations
 g - a meat ration
 i - 3 chunks of flesh


   Skills:
 - Level 3.2 Fighting
 + Level 4.2 Long Blades
 + Level 3.8 Dodging
 + Level 3.5 Stealth


You had 4 spell levels left.
You didn't know any spells.

Dungeon Overview and Level Annotations

Branches:
Dungeon (3/15)

Altars:
Fedhas
Sif Muna
The Shining One

Annotations:
D:3 PhazeDK's ghost, amateur OgAM


Innate Abilities, Weirdness & Mutations

Your plain brown scales are hard. (AC +5)
You cannot fit into any form of body armour.
You are cold-blooded and may be slowed by cold attacks.


Message History

PhazeDK's ghost is almost destroyed.
PhazeDK's ghost hits you but does no damage.
You barely miss PhazeDK's ghost.
PhazeDK's ghost is almost destroyed.
PhazeDK's ghost hits you but does no damage.
You barely miss PhazeDK's ghost.
PhazeDK's ghost is almost destroyed.
PhazeDK's ghost hits you!
PhazeDK's ghost hits you but does no damage.
You slash PhazeDK's ghost!
PhazeDK's ghost is almost destroyed.
PhazeDK's ghost hits you.
You completely miss PhazeDK's ghost.
PhazeDK's ghost is almost destroyed.
PhazeDK's ghost hits you but does no damage.
You hit PhazeDK's ghost but do no damage.
PhazeDK's ghost is almost destroyed.
You feel less wooden.
Your +2 cloak unmelds from your body.
PhazeDK's ghost hits you!!
You die...

##.## #.. #..# #.#
###..###############.#
#.....................
#.##.>...###########.#
#.######.#...........#
. #......#.##...######
. #.#...........# ..
#@#.#####...#
#W#.#####...#
#.#.........#
#.#######.#.#
#.#.......#.#
..#.#######.#
###.........#
###########


You could see PhazeDK's ghost.

Vanquished Creatures
  A hound (D:3)
  Jessica (D:1)
  3 gnolls (D:1)
  4 adders
  An ooze (D:1)
  3 worms (D:2)
  A dart slug (D:1)
  2 leopard geckos
  An orc (D:2)
  9 bats
  A giant cockroach (D:1)
  3 goblins (D:1)
  2 hobgoblins
  4 kobolds
  A quokka (D:3)
  2 frilled lizards
  6 rats
45 creatures vanquished.

Notes
Turn   | Place    | Note
-------+----------+-------------------------------------------
     0 | D:1      | KristoblXynda the Draconian Monk began the quest for the Orb.
     0 | D:1      | Reached XP level 1. HP: 19/19 MP: 1/1
   127 | D:1      | Reached XP level 2. HP: 25/26 MP: 2/2
   622 | D:2      | Reached XP level 3. HP: 28/31 MP: 3/3
   637 | D:2      | Noticed Jessica
   675 | D:1      | Killed Jessica
   850 | D:1      | Reached XP level 4. HP: 26/38 MP: 4/4
  1545 | D:2      | Reached skill level 4 in Long Blades
  1800 | D:2      | Reached XP level 5. HP: 16/45 MP: 5/5
  2001 | D:2      | Found a blossoming altar of Fedhas.
  2001 | D:2      | Found a deep blue altar of Sif Muna.
  2115 | D:3      | Found a glowing golden altar of the Shining One.
  2265 | D:3      | Noticed PhazeDK's ghost (amateur OgAM)
  2284 | D:3      | Slain by PhazeDK's ghost

Vault maps used:
D:1:      dpeg_arrival_refuge
D:2:      gammafunk_temple_overflow_pools, first_bread, uniq_jessica
D:3:      lemuel_crystal_altar, chequers_ecumenical_altar_simple

Skill      XL: |  1  2  3  4 |
---------------+-------------+-----
Stealth        | 2 3 |  3.5
Dodging        | 3 |  3.8
Long Blades    | 4 |  4.2
Fighting       | |  3.2

Action                   |  1- 3 |  4- 6 || total
-------------------------+-------+-------++-------
Melee: Falchion          |    53 |       ||    53
       Tailslap          |     8 |     7 ||    15
       Long sword        |     3 |    90 ||    93
  Use: Potion            |     3 |     1 ||     4
       Scroll            |       |     5 ||     5
 Stab: Sleeping          |     2 |       ||     2
  Eat: Chunk             |       |     3 ||     3
       Fruit             |       |     2 ||     2
Armor: Skin              |    38 |   112 ||   150
Dodge: Dodged            |    59 |    52 ||   111
       Rpst.: Falchion   |    18 |       ||    18
       Long sword        |     6 |    14 ||    20

Table legend:
 A = Spawn XP
 B = Non-spawn XP
 C = Spawn XP percentage of total XP
 D = Spawn monster count
 E = Non-spawn monster count
 F = Spawn count percentage of total count
 G = Total turns spent on level
                    A         B        C        D         E        F      G
               +---------+---------+-------+---------+---------+-------+---------
         Total |       0 |     251 |   0.0 |       0 |      45 |   0.0 |  2284
               +---------+---------+-------+---------+---------+-------+---------
           D:1 |       0 |     146 |   0.0 |       0 |      27 |   0.0 |  1463
           D:2 |       0 |      54 |   0.0 |       0 |      13 |   0.0 |   607
           D:3 |       0 |      51 |   0.0 |       0 |       5 |   0.0 |   214
               +---------+---------+-------+---------+---------+-------+---------
